cohdb
Replays
Latest Replays
All Replays
Popular Replays
Top Player Replays
Match Explorer
How It Works
Community
CoH3 Stats
Reddit
Sign in to upload your games and track your stats! →
Sign in with Steam
Match 40769650
Unlisted
Match 40769650
Overview
Messages
Build Orders
End
Selects Panzerjäger Kommand Battlegroup
Panzergrenadier Squad
Selects Blockade Equipment
250 Light Carrier
Panzergrenadier Squad
Selects Tank Busters
Construct Light Support Kompanie
Panzergrenadier Squad
2.5-tonne Medical Truck
Panzerjäger Squad
Fire Support Elements
Panzerjäger Squad
Panzergrenadier Squad
Selects Defensive Positions
Selects Butterfly Bomb Drop
Construct Panzerarmee Kommand
Butterfly Bomb Drop
Panzerjäger Squad
Walking Stuka Rocket Launcher
Selects Crew Shock Tactics
Panzerjäger Squad
Panzerjäger Squad
Selects Anti-tank Overwatch
Anti-tank Overwatch
Dolfine
Putiin
Valdai
Sailor
Squirtle
LaoY、doushigou
Jimbo Rustles
CitizenKane
0
0
Comments
sign in to comment!
No comments posted yet!